 Dungeon Crawl Stone Soup version bcrawl-1.28.1b (webtiles) character file.

Game seed: 4571449362838663425

208693 Morbidden the Vandal (level 7, -3/85 HPs)
             Began as a Hill Orc Archaeologist on Jan 1, 2021.
             Was a Follower of Cheibriados.
             Slain by a troll (7 damage)
             ... on level 5 of the Dungeon.
             The game lasted 00:08:17 (4565 turns).

Morbidden the Vandal (Hill Orc Archaeologist)       Turns: 4565, Time: 00:08:18

Health: -3/85      AC: 23    Str: 16    XL:     7   Next: 99%
Magic:  8/8        EV:  1    Int: 23    God:    Cheibriados [*.....]
Gold:   266        SH:  0    Dex: 11    Spells: 6/6 levels left

rFire    + . .     SeeInvis .   b - +2 flail (protect)
rCold    + + .     Gourm    .   (no shield)
rNeg     + + +     Faith    .   (armour currently unavailable)
rPois    +         Spirit   .   (helmet currently unavailable)
rElec    +         Reflect  .   (cloak currently unavailable)
rCorr    +         Harm     .   (gloves currently unavailable)
MR       .....     NoTele   +   (boots currently unavailable)
Stlth    ++........             B - amulet of the acrobat
HPRegen  0.24/turn              n - +7 ring of intelligence
MPRegen  0.11/turn              E - ring of protection from cold

@: tree-form, resistant, hasted, studying Slings, quick
A: giant, weak 1
a: Bend Time, Renounce Religion


You were on level 5 of the Dungeon.
You worshipped Cheibriados.
Cheibriados was aware of your devotion.
You were not hungry.
You were a tree.
You visited 1 branch of the dungeon, and saw 5 of its levels.

You collected 266 gold pieces.

Inventory:

Hand Weapons
 a - a +0 hunting sling
 b - a +2 flail of protection (weapon)
Missiles
 h - 748 sling bullets
 i - 699 stones
 u - 147 poisoned tomahawks (quivered)
Armour
 c - a +4 ring mail (melded)
 d - a +1 pair of boots (melded)
 j - a +0 helmet (melded)
 t - a +2 pair of gloves (melded)
Jewellery
 n - a +7 ring of intelligence (left branch)
 w - an uncursed ring of protection from magic
 B - an amulet of the acrobat (around neck)
 E - a ring of protection from cold (right branch)
Wands
 m - a wand of iceblast (7)
 x - a wand of polymorph (7)
 y - a wand of paralysis (6)
 z - a wand of digging (9)
Scrolls
 g - a scroll of magic mapping
 k - a scroll of enchant weapon {unknown}
 o - 3 scrolls of teleportation {unknown}
 p - 3 scrolls of remove curse
 q - 2 scrolls of immolation {unknown}
 s - 3 scrolls of blinking {unknown}
 A - a scroll of enchant armour {unknown}
 C - 3 scrolls of identify
Books
 f - a manual of Slings
Comestibles
 e - 8 rations {!d}
 D - a chunk of flesh


   Skills:
 * Level 3.4 Fighting
   Level 3.4 Short Blades
   Level 3.4 Long Blades
   Level 3.4 Axes
   Level 3.4 Maces & Flails
   Level 3.4 Polearms
   Level 3.4 Staves
 * Level 6.6(6.8) Slings
 * Level 2.2(5.1) Throwing
 + Level 2.7 Armour
 * Level 3.4 Dodging
 + Level 3.4 Stealth
   Level 3.4 Unarmed Combat
 * Level 2.2 Invocations


You had 6 spell levels left.
You didn't know any spells.
Your spell library was empty.

Dungeon Overview and Level Annotations

Branches:
Dungeon (5/12)
 Temple: D:4-7

Altars:
Ashenzari
Cheibriados
Makhleb
Sif Muna


Innate Abilities, Weirdness & Mutations

((You have sharp fingernails.))
You are weak. (Str -2)


Message History

The troll claws you but does no damage. The troll claws you.
* * * LOW HITPOINT WARNING * * *
No path to travel!
It was a potion of mutation.
You feel extremely strange.
You feel clever.
You feel stupid.
You feel weaker.
Your fingernails lengthen.
The troll bites you but does no damage.
The troll claws you but does no damage. x2
Unknown command.
It was a potion of haste.
You feel yourself speed up.
Cheibriados forgives your accidental hurry, just this once.
The troll bites you.
* * * LOW HITPOINT WARNING * * *
The troll claws you.
* * * LOW HITPOINT WARNING * * *
The troll claws you but does no damage.
No path to travel!
No path to travel!
You closely miss the troll.
The troll is severely wounded.
The troll completely misses you. The troll claws you!
You die...

#.#
##.######.
#.........
#..######.
#..#
#..######.#
#...(.....#
###.#########
#...♣.#
#.###T# #.
..# # ..# .$#
#.# .# .#


You could see a troll.

Vanquished Creatures
  Edmund (D:4)
  An ogre (D:4)
  A phantom (D:4)
  A bullfrog (D:4)
  A howler monkey (D:4)
  3 crimson imps (D:4)
  A hound (D:3)
  An orc priest (D:3)
  2 iguanas (D:4)
  Terence (D:2)
  Ijyb (D:3)
  A hound skeleton (D:4)
  Robin (D:2)
  7 adders
  An ooze (D:1)
  A dart slug (D:3)
  2 leopard geckos (D:1)
  10 orcs
  2 ball pythons (D:2)
  3 bats (D:1)
  4 giant cockroaches
  16 goblins
  10 hobgoblins
  8 jackals (D:3)
  6 kobolds
  4 quokkas
  5 frilled lizards
  7 rats
102 creatures vanquished.

Notes
Turn   | Place    | Note
-------+----------+-------------------------------------------
     0 | D:1      | Morbidden the Hill Orc Archaeologist began the quest for
                  | the Orb.
     0 | D:1      | Reached XP level 1. HP: 16/16 MP: 1/1
   155 | D:1      | Reached XP level 2. HP: 24/24 MP: 2/2
   492 | D:1      | Reached XP level 3. HP: 29/29 MP: 3/3
   929 | D:2      | Found a burning altar of Makhleb.
  1135 | D:2      | Found a shimmering blue altar of Sif Muna.
  1183 | D:2      | Noticed Robin
  1697 | D:2      | Killed Robin
  1698 | D:2      | Reached skill level 1 in Armour
  1698 | D:2      | Reached XP level 4. HP: 30/36 MP: 4/4
  2037 | D:2      | Found a shattered altar of Ashenzari.
  2188 | D:2      | Noticed Terence
  2269 | D:2      | Killed Terence
  2712 | D:3      | Reached XP level 5. HP: 38/42 MP: 5/5
  2712 | D:3      | Identified a scroll of acquirement
  2714 | D:3      | Identified the amulet "Larah" {Rage rC+ Dex+3} (You
                  | acquired it on level 3 of the Dungeon)
  3204 | D:3      | Found a snail-covered altar of Cheibriados.
  3218 | D:3      | Reached skill level 1 in Slings
  3226 | D:3      | Became a worshipper of Cheibriados the Contemplative
  3329 | D:3      | Noticed Ijyb
  3336 | D:3      | Killed Ijyb
  3337 | D:3      | Reached XP level 6. HP: 50/50 MP: 6/6
  3420 | D:3      | Reached skill level 2 in Slings
  3807 | D:4      | Reached skill level 1 in Throwing
  3894 | D:4      | Reached skill level 3 in Slings
  3897 | D:4      | Noticed Edmund
  3900 | D:4      | Noticed a phantom
  3923 | D:4      | Killed Edmund
  3923 | D:4      | Reached * piety under Cheibriados
  3924 | D:4      | Reached skill level 4 in Slings
  3924 | D:4      | Reached skill level 1 in Invocations
  3924 | D:4      | Reached XP level 7. HP: 35/57 MP: 7/7
  3941 | D:4      | Reached skill level 5 in Slings
  4027 | D:4      | Reached skill level 6 in Slings
  4503 | D:5      | Entered Level 5 of the Dungeon
  4548 | D:5      | Noticed a troll
  4563 | D:5      | Gained mutation: Your mind is acute. (Int +2) [potion of
                  | mutation]
  4563 | D:5      | Lost mutation: Your mind is acute. (Int +2) [potion of
                  | mutation]
  4563 | D:5      | Gained mutation: You are weak. (Str -2) [potion of
                  | mutation]
  4563 | D:5      | Gained mutation: You have sharp fingernails. [potion of
                  | mutation]
  4564 | D:5      | HP: 4/85 [troll (3)]
  4565 | D:5      | Slain by a troll

Skill      XL: |  1  2  3  4  5  6  7 |
---------------+----------------------+-----
Stealth        | 3 |  3.4
Fighting       | 2 3 |  3.4
Dodging        | 3 |  3.4
Armour         | 1 2 |  2.7
Slings         | 1 4 6 |  6.6
Throwing       | 1 2 |  2.2
Invocations    | 1 2 |  2.2
Short Blades   | |  3.4
Long Blades    | |  3.4
Axes           | |  3.4
Maces & Flails | |  3.4
Polearms       | |  3.4
Staves         | |  3.4
Unarmed Combat | |  3.4

Action                   |  1- 3 |  4- 6 |  7- 9 || total
-------------------------+-------+-------+-------++-------
Melee: Whip              |   183 |   113 |       ||   296
       Punch             |     1 |     1 |     2 ||     4
       Flail             |       |    84 |    78 ||   162
 Fire: Hunting sling     |       |    65 |     3 ||    68
Throw: Tomahawk          |       |     7 |     7 ||    14
Evoke: Wand              |       |     2 |       ||     2
  Use: Scroll            |     3 |     4 |       ||     7
       Potion            |       |     2 |     5 ||     7
 Stab: Sleeping          |     1 |     3 |       ||     4
  Eat: Chunk             |     7 |    15 |     4 ||    26
Armor: Robe              |    22 |       |       ||    22
       Ring mail         |    42 |   110 |    46 ||   198
       Skin              |       |    29 |     8 ||    37
Dodge: Dodged            |   114 |   133 |    54 ||   301
